← All builds
Tech / Armada / Economy first / OBSERVED BUILD

Standard tech

Armada Tech (Eco) build order · Supreme Isthmus

Rushes T2 by 4:15, gets Advanced Metal Extractor around 5:28, hands off T2 constructors to Geo and the team, then scales eco and supplies the team's T2 needs through the rest of the game.

Usually first T2 con to Geo (83%)

#eco #t2 #team support · 1591 distinct matches · 254 players · 60% of Armada Tech games · team won 53% of 1901 · Recently observed

HOW TO PLAY IT

Key timing: T2 factory by 4:15

  1. Open 3 mex and heavy wind to fund a fast T2 rush.
  2. Put down Bot Lab, planning to eat it for reclaim soon after.
  3. Get Advanced Bot Lab up, hitting the T2 factory rush timing.
  4. Upgrade mex to Advanced Metal Extractor to lock in team metal income.
  5. Eat Advanced Bot Lab and keep sending cons to Geo and Pond.

Phase by phase

TYPICAL OF ITS 1591 GAMES
  1. 1
  2. 2
  3. 3
  4. 4
PLAY THE OPENING

Follow the example game's first 6:00 step by step: what to build now, what comes next, and where it goes. At 1× it keeps pace with your own game.

  1. 1

    Up to the Bot Lab

    Economy
    • Metal Extractor3Mex
    • Wind Turbine4Wind
    Order
    1. Bot LabBot Lab after 3 mex, 4 winddone ~1:18, middle half 1:13–1:32

    Some games also: energy storage (31%)

    By 1:01 in all: 3 mex · 4 wind

    The example game in this phase · 4 steps
    1. Mex ×3
    2. Solar
    3. Wind ×2
    4. Bot LabBot Labdone 1:15 · typical 1:18
  2. 2

    Bot Lab to Advanced Bot Lab

    Economy
    • Metal Extractor1Mex
    • Wind Turbine8Wind
    • Energy Storage1Energy storage
    Order
    1. Advanced Bot LabAdvanced Bot Lab after 4 mex, 12 wind, 3 con turretdone ~4:16, middle half 4:04–4:30
    Builders
    • Construction Turret3 Con turret
    • Lazarus3 Lazarus
    • Construction Bot2 Con bot
    • Construction Bot1 Con bot for allies

    Some games also: converter (36%)

    By 3:18 in all: 4 mex · 12 wind · 1 energy storage · 3 con turret

    The example game in this phase · 11 steps
    1. LazarusLazarus ×4
    2. Construction BotCon botfor Air
    3. Construction BotCon bot
    4. Con turret ×2
    5. Converter ×2
    6. Wind ×7
    7. Mex
    8. Converter ×3
    9. Wind ×4
    10. Converter ×2
    11. Advanced Bot LabAdvanced Bot Labdone 4:56 · typical 4:16
  3. 3

    Advanced Bot Lab to 5:00

    Economy
    • Wind Turbine3Wind
    Order
    1. Bot LabEat Bot Lab
    Builders
    • Advanced Construction Bot1 T2 con bot for allies

    Some games also: converter (35%)

    By 5:00 in all: 4 mex · 15 wind · 1 converter · 1 energy storage · 3 con turret

    The example game in this phase · 1 step
    1. Advanced Construction BotT2 con botfor Geo
  4. 4

    5:00 to 10:00

    Economy
    • Wind Turbine43Wind
    • Energy Converter6Converter
    Builders
    • Butler9 Butler
    • Advanced Construction Bot4 T2 con bot for allies
    • Advanced Construction Bot1 T2 con bot

    Some games also: con turret (43%) · Butler for allies (37%)

    By 10:00 in all: 4 mex · 58 wind · 8 converter · 1 energy storage · 3 con turret

    The example game in this phase · 264 steps
    1. Advanced Construction BotT2 con botfor Air
    2. Advanced Metal ExtractorT2 mex ×3done 6:28 · typical 5:28
    3. Advanced Construction BotT2 con botfor Geo sea
    4. ButlerButler
    5. Advanced Metal ExtractorT2 mex
    6. ButlerButler ×2
    7. Bot LabEat Bot Labreclaimed for its metal
    8. Advanced Construction BotT2 con bot ×2for Beach sea
    9. Advanced Construction BotT2 con bot
    10. ButlerButler
    11. Wind
    12. ButlerButler
    13. Wind ×3
    14. ButlerButler
    15. Wind
    16. ButlerButler
    17. Wind ×2
    18. ButlerButler
    19. Wind
    20. ButlerButler
    21. Wind ×2
    22. ButlerButler
    23. Wind ×2
    24. ButlerButler
    25. Wind ×4
    26. ButlerButler
    27. Wind ×3
    28. ButlerButler
    29. Converter
    30. Wind ×2
    31. ButlerButler
    32. Wind ×2
    33. Converter
    34. Wind
    35. ButlerButler
    36. Wind
    37. Converter
    38. Wind ×3
    39. ButlerButler
    40. Converter
    41. Wind ×3
    42. Converter
    43. Wind ×3
    44. ButlerButler
    45. Converter
    46. Wind ×6
    47. Converter
    48. Wind ×4
    49. Converter
    50. ButlerButler
    51. Wind
    52. Converter
    53. Wind
    54. Converter
    55. Wind ×4
    56. Converter
    57. ButlerButler
    58. Converter
    59. Wind ×5
    60. Converter
    61. Wind
    62. Converter
    63. ButlerButler
    64. Wind ×4
    65. Converter ×2
    66. Wind ×4
    67. Converter
    68. Wind
    69. Converter
    70. ButlerButler
    71. Wind ×2
    72. Converter
    73. Wind ×4
    74. Converter
    75. Wind
    76. Energy storage
    77. ButlerButler
    78. Converter
    79. Wind ×4
    80. Converter
    81. Wind ×4
    82. Converter
    83. Wind ×3
    84. Converter
    85. Wind ×4
    86. Converter
    87. Wind
    88. Converter
    89. Wind ×4
    90. Converter
    91. Wind ×3
    92. ButlerButler
    93. Converter
    94. Wind
    95. Converter
    96. Wind ×5
    97. Converter
    98. Wind ×4
    99. Converter
    100. Wind ×6
    101. Converter
    102. ButlerButler
    103. Converter
    104. Wind ×6
    105. Converter
    106. Wind
    107. Converter
    108. Wind ×6
    109. Converter ×2
    110. Wind ×5
    111. ButlerButler
    112. Wind ×2
    113. Converter ×2
    114. Wind ×6
    115. Converter
    116. Wind
    117. Converter
    118. Wind ×6
    119. Converter
    120. Wind ×3
    121. Converter
    122. Wind ×2
    123. ButlerButler
    124. Wind
    125. Converter
    126. Wind ×4
    127. Converter
    128. Wind ×3
    129. Converter
    130. Wind ×3
    131. Converter
    132. Wind ×9
    133. Converter ×2
    134. Wind ×5
    135. ButlerButler
    136. Wind ×2
    137. Converter
    138. Wind ×3
    139. Converter
    140. Wind ×6
    141. Converter
    142. Wind
    143. Converter
    144. Wind ×5
    145. Con turret
    146. Wind ×2
    147. Converter
    148. Wind
    149. Converter
    150. Wind ×4
    151. Advanced Construction BotT2 con bot
    152. Wind ×6
    153. Converter ×2
    154. Wind ×7
    155. Converter ×2
    156. Wind ×9
    157. Converter
    158. Wind
    159. Converter
    160. Wind ×5
    161. Con turret
    162. Wind
    163. Converter
    164. Wind ×2
    165. Converter
    166. Wind ×7
    167. Converter
    168. Wind ×2
    169. Converter
    170. Wind ×2
    171. Con turret
    172. Wind ×2
    173. Converter
    174. Wind ×4
    175. Con turret
    176. Wind ×2
    177. Converter
    178. Wind ×5
    179. Con turret
    180. Wind ×2
    181. CitadelAnti-nukedone 14:18
    182. Converter
    183. Wind ×3
    184. Converter
    185. Con turret
    186. Wind ×5
    187. Converter
    188. Wind ×2
    189. Converter
    190. Wind ×5
    191. Converter
    192. Wind ×4
    193. Converter
    194. Wind
    195. Converter
    196. Wind ×5
    197. Converter
    198. Wind
    199. Converter
    200. Wind ×5
    201. Converter
    202. Wind ×4
    203. Converter ×2
    204. Wind ×5
    205. Converter
    206. Wind ×3
    207. Con turret
    208. Wind
    209. Converter ×2
    210. Wind ×2
    211. Con turret
    212. Wind ×4
    213. Converter
    214. Wind ×2
    215. Con turret
    216. Wind ×2
    217. Converter
    218. Wind ×2
    219. Converter
    220. Wind ×4
    221. Con turret
    222. Wind ×4
    223. Converter ×2
    224. Wind ×2
    225. Con turret
    226. Wind ×2
    227. Converter
    228. Wind ×4
    229. Con turret
    230. Converter
    231. Wind ×3
    232. Converter
    233. Wind ×2
    234. T2 converter
    235. Wind
    236. Con turret
    237. Wind ×2
    238. Converter
    239. Wind ×3
    240. Converter ×2
    241. Wind ×6
    242. Converter
    243. Wind ×3
    244. Converter
    245. Wind ×2
    246. Converter
    247. Wind ×2
    248. T2 converter
    249. Wind ×2
    250. Con turret
    251. Wind ×2
    252. Converter
    253. Con turret
    254. Wind ×4
    255. Converter
    256. Wind ×5
    257. Con turret
    258. Wind
    259. Converter
    260. Wind ×2
    261. Converter
    262. Wind ×2
    263. Converter
    264. Wind ×2

Counts are medians over the build's games: half of them build more, half fewer. The example game is hannibalrising's (33 OS, 14/08/2026); pick another.

Team trades

IN AT LEAST 30% OF ITS GAMES

You hand over

  • Construction Bot1 Con bot to Airfirst at 2:23 · in 84% of games
  • Advanced Construction Bot5 T2 con bot to Air or Pond or Geo seafirst at 4:50 · in 99% of games
  • Butler2 Butler to Geo sea or Beach sea or Pondfirst at 9:06 · in 42% of games

You get

  • Hercules1 Light transport from Airfirst at 4:01 · in 86% of games

How it plays out

Typical game of this build, running totals by minute

Metal produced

020k40k
0:005:0010:0015:00

metal

Enemy metal destroyed

050100150
0:005:0010:0015:00

metal

Own metal lost

050100150
0:005:0010:0015:00

metal

1901 games.

Show as table
ByMetal produced: This buildEnemy metal destroyed: This buildOwn metal lost: This build
1:0038300
2:0091500
3:00165200
4:00314400
5:00484800
6:00580200
7:00723000
8:00906500
9:001117900
10:001352400
11:001624200
12:001965200
13:002342800
14:0027285074
15:0031507115130
WHAT THE NUMBERS SAY

Standard Tech play barely fights at all early, instead pouring metal into T2 infrastructure and constructors for the team.

  • + Metal produced hits 31679 by 15:00, by far the highest of any role here.
  • + T2 factory reached in 97% of games by 4:15, fastest and most reliable T2 timing.
  • − Enemy metal destroyed stays at 0 through 10:00, no early offense at all.
  • − Own metal lost also near 0, showing total avoidance of combat risk.
THE EXAMPLE YOU ARE READING

hannibalrising

33.4 OS · 14/08/2026

Open source match ↗

1 received units
1686 metal received · 62303 energy received

Allied construction assistance is unknown. Timings are observations, not a promise of solo reproducibility.

Typical milestones

Bot Lab1:18Middle 50%: 1:13–1:32 · n=1901
Advanced Bot Lab4:16Middle 50%: 4:04–4:30 · n=1894
Advanced Metal Extractor5:28Middle 50%: 5:05–5:59 · n=1897

Played most by

Amrissa97games of this buildTheGeneraI70games of this buildAdeus57games of this buildEl_Turco55games of this buildKOT_45games of this build